 Dungeon Crawl Stone Soup version 0.22-a0-305-gd21a89c538 (webtiles) character file.

9783 Oravi the Fighter (level 11, -21/74 HPs)
             Began as a Kobold Hunter on Mar 31, 2018.
             Was a Believer of Dithmenos.
             Killed from afar by Harold (24 damage)
             ... with a bolt of fire
             ... on level 11 of the Dungeon on Apr 1, 2018.
             The game lasted 01:56:25 (14604 turns).

Oravi the Fighter (Kobold Hunter)                  Turns: 14604, Time: 01:56:26

Health: -21/74     AC:  9    Str: 12    XL:     11   Next: 80%
Magic:  0/11       EV: 20    Int: 12    God:    Dithmenos [**....]
Gold:   782        SH:  0    Dex: 17    Spells: 10/10 levels left

rFire    . . .     SeeInvis .   b - +0 dagger (elec)
rCold    . . .     Gourm    .   (shield restricted)
rNeg     . . .     Faith    .   c - +1 leather armour
rPois    .         Spirit   +   G - +0 helmet
rElec    .         Reflect  .   (no cloak)
rCorr    +         Harm     .   s - +2 pair of gloves
MR       .....                  v - +0 pair of boots
Stlth    +++++++...             e - amulet of guardian spirit
HPRegen  0.22/turn              u - ring of resist corrosion
MPRegen  0.12/turn              B - ring of stealth

@: about to teleport, wreathed by umbra, studying Evocations
A: small, carnivore
a: Shadow Step, Renounce Religion


You were on level 11 of the Dungeon.
You worshipped Dithmenos.
Dithmenos was pleased with you.
You were very full.

You visited 2 branches of the dungeon, and saw 12 of its levels.

You collected 782 gold pieces.

Inventory:

Hand Weapons
 a - a +1 hand crossbow
 b - a +0 dagger of electrocution (weapon)
 r - a +0 short sword
 H - a +0 arbalest
 I - the +9 short sword "Deikh" {pain, rN+ Str-5 Int+3}
   (You found it on level 11 of the Dungeon)

   In the hands of one skilled in necromantic magic, it inflicts extra damage on
   living creatures.
   It affects your strength (-5).
   It affects your intelligence (+3).
   It protects you from negative energy.
Missiles
 d - 57 bolts
Armour
 c - a +1 leather armour (worn)
 p - a +1 robe of cold resistance
 s - a +2 pair of gloves (worn)
 v - a +0 pair of boots (worn)
 z - the +7 ring mail of Dyspraxia {rPois rN+, unknown}
   (You found it on level 7 of the Dungeon)

   It protects you from poison.
   It protects you from negative energy.
 D - +0 acid dragon scales
 G - a +0 helmet (worn)
Jewellery
 e - an amulet of guardian spirit (around neck)
 g - an uncursed ring of see invisible
 u - a ring of resist corrosion (left hand)
 x - an uncursed ring of magical power
 A - an uncursed ring of fire
 B - a ring of stealth (right hand)
Wands
 k - a wand of paralysis (8)
 F - a wand of disintegration (9)
Scrolls
 i - 8 scrolls of remove curse
 j - 2 scrolls of teleportation
 m - a scroll of amnesia
 n - 2 scrolls of magic mapping
 o - a scroll of immolation {unknown}
 q - 6 scrolls of identify
 t - 3 scrolls of blinking
 w - a scroll of fear
 y - a scroll of noise {unknown}
 C - a scroll of enchant armour
Potions
 h - 2 potions of cancellation
 l - 4 potions of brilliance
Books
 E - a manual of Evocations
Comestibles
 f - 22 rations


   Skills:
 + Level 11.2 Fighting
 * Level 9.2 Short Blades
 - Level 10.3 Crossbows
 + Level 8.7 Dodging
 + Level 10.6 Stealth


You had 10 spell levels left.
You didn't know any spells.

Dungeon Overview and Level Annotations

Branches:
Dungeon (11/15)            Temple (1/1) D:7            Lair (0/6) D:10
    Orc (0/2) D:11

Altars:
Ashenzari
Cheibriados
Dithmenos
Elyvilon
Fedhas
Gozag
Hepliaklqana
Kikubaaqudgha
Makhleb
Nemelex Xobeh
Okawaru
Qazlal
Ru
Sif Muna
Trog
Uskayaw
Vehumet
Wu Jian
Xom
Yredelemnul
Zin
The Shining One

Shops:
D:11 [

Annotations:
D:6 dig
D:11 Harold


Innate Abilities, Weirdness & Mutations

You are small and have problems with some larger weapons.
You are carnivorous and can eat meat at any time.


Message History

You shoot a bolt. The bolt hits Harold!
Harold is moderately wounded.
Harold casts a spell at you. The bolt of fire hits you!
* * * LOW HITPOINT WARNING * * *
Harold says, "Do you have any idea what people are willing to pay to have you killed, Oravi?"
You hear the crackle of electricity.
b - a +0 dagger of electrocution (weapon)
Harold hits you with a war axe.
* * * LOW HITPOINT WARNING * * *
As you read the scroll of teleportation, it crumbles to dust.
You feel strangely unstable. Harold hits you with a war axe!
* * * LOW HITPOINT WARNING * * *
You are too injured to fight recklessly!
You are too injured to fight recklessly!
You hit Harold but do no damage.
Harold is moderately wounded.
Harold gestures at you while chanting. The bolt of fire hits you!
You die...

#.......(.........#
#.................#
#(................#
#####(................#
(.........(...........#
...............(......#
..(.............@.....#
###.(............<....#
................@.....#
......................#
#####..##############.#
#..# #.#
#####..##############.#
......................#
###...###############.#
###...###############.#
....................).#


You could see Harold.

Vanquished Creatures
  Erolcha (D:11)
  2 two-headed ogres (D:8)
  The ghost of MirrMurr the Spear-Bearer, a novice CeBe of Trog (D:8)
  Pikel (D:6)
  A komodo dragon (D:10)
  A troll (D:10)
  A hippogriff (D:8)
  A wraith (D:11)
  A wyvern (D:11)
  9 yaks
  4 vampire mosquitoes (D:11)
  A hungry ghost (D:10)
  2 acid dragons
  A sky beast (D:10)
  A water moccasin (D:11)
  A phantom (D:5)
  2 ice beasts (D:9)
  2 orc warriors (D:7)
  A hornet zombie (D:7)
  3 ogres
  3 centaurs
  3 crocodiles
  2 big kobolds
  A gnoll sergeant (D:9)
  5 bullfrogs
  3 scorpions
  5 crimson imps
  2 bullfrog zombies
  2 hounds
  16 orc wizards
  A gnoll shaman (D:9)
  6 orc priests
  3 bullfrog skeletons
  A centaur skeleton (D:11)
  3 worker ants
  4 hound zombies
  A howler monkey skeleton (D:7)
  11 gnolls
  16 adders
  A shadow imp (D:5)
  2 oozes
  4 worms
  A dart slug (D:1)
  8 leopard geckos
  36 orcs
  7 bats
  4 giant cockroaches
  10 goblins
  5 hobgoblins
  13 jackals
  6 quokkas
  2 ball pythons
  7 frilled lizards
  10 kobolds
  A quokka zombie (D:8)
  8 rats
  A bush (D:3)
  4 plants
255 creatures vanquished.

Vanquished Creatures (others)
  An orc priest (D:6)
  An orc wizard (D:6)
  3 plants
5 creatures vanquished.

Grand Total: 260 creatures vanquished

Notes
Turn   | Place    | Note
-------+----------+-------------------------------------------
     0 | D:1      | Oravi the Kobold Hunter began the quest for the Orb.
     0 | D:1      | Reached XP level 1. HP: 12/12 MP: 1/1
    73 | D:1      | Reached skill level 5 in Crossbows
   309 | D:1      | Reached XP level 2. HP: 17/17 MP: 2/2
   694 | D:1      | Reached XP level 3. HP: 22/22 MP: 3/3
  1058 | D:2      | Reached skill level 1 in Short Blades
  1058 | D:2      | Reached XP level 4. HP: 27/27 MP: 4/4
  1355 | D:2      | Reached XP level 5. HP: 30/32 MP: 5/5
  1666 | D:2      | Reached skill level 3 in Fighting
  1678 | D:2      | Found a snail-covered altar of Cheibriados.
  2486 | D:3      | Reached XP level 6. HP: 37/37 MP: 6/6
  4001 | D:4      | Noticed an ogre
  4016 | D:4      | Killed an ogre
  4016 | D:4      | Reached XP level 7. HP: 26/42 MP: 2/7
  4725 | D:4      | Found a faded altar of an unknown god.
  4725 | D:4      | Found a sparkling altar of Nemelex Xobeh.
  4730 | D:4      | Found an iron altar of Okawaru.
  4732 | D:4      | Found a faded altar of an unknown god.
  4733 | D:4      | Found a hide-covered altar of Uskayaw.
  4861 | D:5      | Entered Level 5 of the Dungeon
  5229 | D:5      | Reached skill level 4 in Fighting
  5574 | D:6      | Reached XP level 8. HP: 48/48 MP: 8/8
  5837 | D:6      | Noticed Pikel
  5863 | D:6      | Killed Pikel
  5863 | D:6      | Reached skill level 5 in Fighting
  5863 | D:6      | Reached skill level 10 in Crossbows
  5863 | D:6      | Reached skill level 5 in Stealth
  6266 | D:6      | Found a burning altar of Makhleb.
  6292 | D:6      | Reached XP level 9. HP: 38/54 MP: 9/9
  6543 | D:6      | Found a glowing silver altar of Zin.
  6715 | D:7      | Found a staircase to the Ecumenical Temple.
  6721 | Temple   | Entered the Ecumenical Temple
  6941 | Temple   | Became a worshipper of Dithmenos the Shadowed
  6981 | D:7      | Got a polished ring mail
  7279 | D:7      | Reached skill level 6 in Fighting
  7417 | D:7      | Reached skill level 5 in Dodging
  7806 | D:7      | Reached * piety under Dithmenos
  8451 | D:8      | Noticed MirrMurr's ghost (novice CeBe)
  8563 | D:8      | Reached skill level 7 in Fighting
  8648 | D:8      | Noticed a hippogriff
  8666 | D:8      | Killed a hippogriff
  8781 | D:8      | Noticed a two-headed ogre
  8865 | D:8      | Found an ornate altar of the Wu Jian Council.
  8870 | D:8      | Found a stormy altar of Qazlal.
  8872 | D:8      | Found a sacrificial altar of Ru.
  8875 | D:8      | Found a radiant altar of Vehumet.
  8945 | D:8      | Reached XP level 10. HP: 63/63 MP: 10/10
  9008 | D:8      | Noticed a two-headed ogre
  9017 | D:8      | Killed a two-headed ogre
  9017 | D:8      | Reached skill level 8 in Fighting
  9017 | D:8      | Reached skill level 5 in Short Blades
  9321 | D:8      | Reached skill level 9 in Fighting
  9900 | D:8      | Killed a two-headed ogre
 10254 | D:8      | Killed MirrMurr's ghost
 10254 | D:8      | Reached XP level 11. HP: 20/71 MP: 5/11
 11713 | D:9      | Reached ** piety under Dithmenos
 11723 | D:9      | Reached skill level 10 in Fighting
 11952 | D:10     | Entered Level 10 of the Dungeon
 12510 | D:10     | Reached skill level 10 in Stealth
 12685 | D:10     | Found a staircase to the Lair.
 13548 | D:11     | Got a steaming short sword
 13549 | D:11     | Identified the +9 short sword "Deikh" {pain, rN+ Str-5 Int+3} (You found it on level 11 of the Dungeon)
 13635 | D:11     | Found Osiol's Armour Shoppe.
 13635 | D:11     | Found a staircase to the Orcish Mines.
 13741 | D:11     | Noticed Erolcha
 13753 | D:11     | Killed Erolcha
 13753 | D:11     | Reached skill level 11 in Fighting
 14588 | D:11     | Noticed Harold
 14602 | D:11     | HP: 3/74 [Harold/war axe (6)]
 14604 | D:11     | Killed from afar by Harold

Vault maps used:
D:1:      eino_arrival_cavern_b, minmay_crystal_water
D:2:      lemuel_doored_altar
D:3:      serial_forest, infiniplex_forest_straight_1,
          infiniplex_forest_end_double, infiniplex_forest_straight_5,
          infiniplex_forest_clump_tiny, infiniplex_forest_lined_room_,
          infiniplex_forest_lined_2, infiniplex_forest_clump_curved,
          infiniplex_forest_clump_small, infiniplex_forest_clump_small,
          infiniplex_forest_clump_double
D:4:      chequers_temple_overflow_minitemple, first_ration
D:6:      zin_scriptorium, bloody_makhleb, uniq_pikel
D:7:      minmay_temple_entry_grid, grunt_ogre_cave, minmay_stone_trees_small
D:8:      minitemple
D:10:     david_lair_shrubbed
D:11:     orc_david_3, uniq_erolcha, uniq_harold
Temple:   nicolae_temple_figure_eight

Skill      XL: |  1  2  3  4  5  6  7  8  9 10 11 |
---------------+----------------------------------+-----
Crossbows      | 5 6 7 8 9 10 | 10.3
Short Blades   | 1 2 4 7 9 |  9.2
Fighting       | 3 4 5 7 9 11 | 11.2
Dodging        | 3 4 6 7 8 |  8.7
Stealth        | 2 3 5 7 9 10 | 10.6

Action                   |  1- 3 |  4- 6 |  7- 9 | 10-12 || total
-------------------------+-------+-------+-------+-------++-------
Melee: Short sword       |    14 |   504 |       |    15 ||   533
       Dagger            |       |       |   130 |   317 ||   447
 Fire: Hand crossbow     |    32 |   146 |   204 |   248 ||   630
  Use: Scroll            |       |     6 |     3 |     4 ||    13
       Potion            |       |     5 |     8 |     2 ||    15
 Stab: Invisible         |       |       |     1 |       ||     1
       Sleeping          |       |       |       |     1 ||     1
  Eat: Chunk             |     4 |    15 |    15 |    23 ||    57
Armor: Leather armour    |     4 |     9 |    47 |    26 ||    86
       Robe              |       |       |     1 |       ||     1
Dodge: Dodged            |    15 |    43 |   175 |   237 ||   470

Table legend:
 A = Spawn XP
 B = Non-spawn XP
 C = Spawn XP percentage of total XP
 D = Spawn monster count
 E = Non-spawn monster count
 F = Spawn count percentage of total count
 G = Total turns spent on level
                    A         B        C        D         E        F      G
               +---------+---------+-------+---------+---------+-------+---------
         Total |       0 |   13977 |   0.0 |       0 |     250 |   0.0 | 14604
               +---------+---------+-------+---------+---------+-------+---------
           D:1 |       0 |      29 |   0.0 |       0 |      17 |   0.0 |   895
           D:2 |       0 |     159 |   0.0 |       0 |      27 |   0.0 |  1192
           D:3 |       0 |     132 |   0.0 |       0 |      33 |   0.0 |  1803
           D:4 |       0 |     318 |   0.0 |       0 |      17 |   0.0 |  1072
           D:5 |       0 |     489 |   0.0 |       0 |      13 |   0.0 |   745
           D:6 |       0 |     859 |   0.0 |       0 |       9 |   0.0 |   908
           D:7 |       0 |    1100 |   0.0 |       0 |      26 |   0.0 |  1340
           D:8 |       0 |    4862 |   0.0 |       0 |      33 |   0.0 |  2274
           D:9 |       0 |     920 |   0.0 |       0 |      34 |   0.0 |  1648
          D:10 |       0 |    2087 |   0.0 |       0 |      21 |   0.0 |  1422
          D:11 |       0 |    3022 |   0.0 |       0 |      20 |   0.0 |  1048
               +---------+---------+-------+---------+---------+-------+---------
